Map: Порт Александр РВ

Players

Натсу - Winner!

  • Race: Protoss Protoss
  • League: Gold
  • Spawn Location: 11:00

Insanismark

  • Race: Zerg Zerg
  • League: Gold
  • Spawn Location: 5:00

VOD

Have the link to the VOD?

Description

Time

  • Played on: April 8, 2019, 11:20 a.m.
  • Length: 11:53
Show
View Real Time Build Order
Export as new Build Order

Натсу Protoss - Winner!

Build Orders:  

Get SALT Encoding   

  12  0:01  Probe  
  13  0:13  Probe  
  14  0:22  Pylon  
  14  0:25  Probe  
  15  0:40  Probe  
  16  0:46  Gateway  
  16  0:54  Gateway  
  16  1:00  Pylon  
  16  1:07  Probe  
  17  1:21  Pylon  
  17  1:28  Probe  
  17  1:31  Assimilator  
  18  1:37  Cybernetics Core  
  18  1:38  Probe  
  18  1:42  Assimilator  
  18  1:46  Probe  
  20  1:59  Pylon  
  20  2:21  Probe  
  21  2:28  Adept  
  23  2:33  Probe, Adept  
  26  2:45  Probe  
  26  2:46  Gateway  
  27  2:54  Warp Gate  
  27  3:12  Robotics Facility  
  27  3:24  Pylon  
  27  3:27  Pylon  
  27  3:29  Probe, Pylon  
  27  3:33  Pylon  
  28  3:39  Adept  
  30  3:50  Immortal  
  34  4:09  Adept  
  36  4:22  Gateway  
  36  4:29  Immortal  
  40  4:54  Adept  
  40  4:55  Adept x2  
  46  5:01  Immortal  
  50  5:16  Adept x4  
  58  5:38  Adept  
  58  5:39  Adept x3  
  33  6:53  Nexus  
Show
View Real Time Build Order
Export as new Build Order

Insanismark Zerg 

Build Orders: Pool First 

Get SALT Encoding   

  12  0:01  Drone  
  13  0:13  Overlord  
  13  0:19  Drone  
  14  0:23  Extractor  
  14  0:24  Drone  
  14  0:45  Spawning Pool  
  14  0:46  Drone  
  14  0:52  Drone  
  14  0:54  Drone  
  16  1:08  Drone  
  16  1:09  Drone  
  18  1:30  Hatchery  
  18  1:31  Zergling x2  
  18  1:32  Zergling x2  
  19  1:49  Drone  
  20  1:55  Queen, Roach Warren  
  21  2:24  Drone  
  21  2:26  Overlord x2  
  22  2:44  Drone x2  
  24  2:51  Extractor  
  24  2:54  Extractor  
  22  3:04  Zergling x4  
  22  3:05  Zergling x10  
  29  3:07  Metabolic Boost  
  29  3:10  Lair  
  29  3:27  Drone x2  
  29  3:28  Drone x2  
  33  3:37  Drone  
  33  3:40  Drone  
  33  3:41  Queen  
  37  3:56  Spore Crawler  
  37  3:59  Drone x4  
  40  4:02  Overlord  
  40  4:10  Drone x2  
  40  4:11  Drone  
  43  4:22  Spore Crawler  
  43  4:23  Drone x3  
  45  4:25  Drone  
  46  4:32  Overseer  
  46  4:40  Nydus Network  
  46  4:44  Zergling x4  
  46  4:45  Zergling x4  
  49  4:51  Overlord x2  
  49  4:57  Overseer  
  49  5:03  Overlord x2  
  49  5:05  Zergling x6  
  52  5:13  Zergling x2  
  53  5:23  Overseer  
  53  5:31  Nydus Canal  
  53  5:50  Roach x6  
  45  6:40  Hatchery  
  38  7:40  Hatchery  
  37  7:52  Spawning Pool  
  37  7:55  Hatchery  
  26  8:41  Spine Crawler  
  26  8:42  Spine Crawler x2  
  26  8:43  Spine Crawler  
  26  8:44  Spine Crawler x2  
  26  8:45  Spine Crawler  
  26  8:46  Spine Crawler  
  11  9:18  Drone x2  
  6  9:47  Drone x2  
  8  10:24  Hatchery  
    11:37  Drone  
Tags
 
Add a new tag
Caveats
  • Supply blocks, unpowered buildings, or Contaminate may cause inaccurate times.
  • Supply counts are checked every 10 seconds.